 Dungeon Crawl Stone Soup version 0.29-a0-512-gf59ac788ac (webtiles) character file.

Game seed: 1198073760615324964

33 purpskrrrp the Skirmisher (level 3, -1/33 HPs)
             Began as a Hill Orc Fighter on May 30, 2022.
             Succumbed to a gnoll's poison
             ... on level 1 of the Dungeon.
             The game lasted 00:01:44 (337 turns).

purpskrrrp the Skirmisher (Hill Orc Fighter)         Turns: 337, Time: 00:01:45

Health: -1/33      AC:  6    Str: 20    XL:     3   Next: 29%
Magic:  3/3        EV:  9    Int:  8    God:
Gold:   52         SH:  4    Dex: 10    Spells: 2/2 levels left

rFire   . . .      SeeInvis .   a - +0 war axe
rCold   . . .      Faith    .   c - +0 buckler
rNeg    . . .      Spirit   .   b - +0 scale mail
rPois   .          Reflect  .   (no helmet)
rElec   .          Harm     .   (no cloak)
rCorr   .          Rampage  .   (no gloves)
Will    +....                   (no boots)
Stlth   ..........              (no amulet)
HPRegen 0.11/turn               j - ring of willpower
MPRegen 0.08/turn               (no ring)

@: lethally poisoned (-1 -> -23)
A: no striking features
a: no special abilities


You were on level 1 of the Dungeon.
You visited 1 branch of the dungeon, and saw 1 of its levels.

You collected 52 gold pieces.

Inventory:

Hand Weapons
 a - a +0 war axe (weapon)
Armour
 b - a +0 scale mail (worn)
 c - a +0 buckler (worn)
Jewellery
 j - a ring of willpower (left hand)
Scrolls
 e - a scroll of immolation {unknown}
 f - a scroll of amnesia {unknown}
 g - 2 scrolls of identify {unknown}
 h - a scroll of fear {unknown}
 i - 2 scrolls of teleportation {unknown}
Potions
 d - a potion of might


   Skills:
 + Level 3.9 Fighting
 + Level 3.8 Axes
 + Level 3.5 Armour
 + Level 3.5 Shields


You had 2 spell levels left.
You didn't know any spells.
Your spell library was empty.

Dungeon Overview and Level Annotations

Branches:
Dungeon (1/15)

Altars:


Message History

You kill the goblin!
You hear a splash.
You hit the plant but do no damage.
You see here a +0 dagger.
A hobgoblin comes into view.
The hobgoblin shouts!
A kobold comes into view. It is wielding a +0 dagger.
The kobold shouts!
A gnoll comes into view. It is wielding a +1 whip of venom.
The gnoll shouts!
You closely miss the hobgoblin. You block the hobgoblin's attack.
The hobgoblin hits you.
You slash the hobgoblin!
You kill the hobgoblin!
You closely miss the kobold. You block the kobold's attack.
You slash the kobold!
You kill the kobold!
You slash the gnoll! You block the gnoll's attack.
The gnoll hits you but does no damage.
You are poisoned.
You have reached level 3!
Your experience leads to an increase in your attributes!
Increase (S)trength, (I)ntelligence, or (D)exterity?
You feel stronger. x2
You barely miss the gnoll.
The gnoll is heavily wounded.
You feel very sick.
The gnoll hits you with a +1 whip of venom.
You are more poisoned.
You hit the gnoll.
The gnoll is severely wounded.
You feel very sick. You block the gnoll's attack.
The gnoll hits you with a +1 whip of venom!
You are more poisoned.
You slash the gnoll!
You kill the gnoll!
* * * LOW HITPOINT WARNING * * *
You feel extremely sick.
You die...

.. # #≈≈≈≈≈.≈P≈ ...
..♣≈≈≈≈≈.≈≈≈ ### ##.# #.
#≈≈≈≈P≈≈.≈≈≈ ####...#.
♣≈≈≈≈≈≈≈.≈≈≈ #.....#..
≈≈P≈≈≈≈≈.≈P♣ .........
♣≈≈P≈≈≈≈.≈≈♣ #.......#
♣≈≈≈≈≈≈≈.≈≈♣
#.......####.♣♣♣≈≈≈≈≈.≈P≈
#....)@.....♣♣≈≈≈≈≈.≈≈≈
####..######♣♣♣P≈≈P.≈≈≈
####...######♣♣≈≈≈P.≈≈≈
...............♣♣≈)≈.≈≈≈
#####...######..♣≈≈≈.≈≈≈
##### ##..♣P≈.≈≈≈
##..≈♣.≈≈≈ ##.....≈♣
##....##


There were no monsters in sight!

Vanquished Creatures
  A gnoll (D:1)
  A dart slug (D:1)
  2 bats (D:1)
  A giant cockroach (D:1)
  6 hobgoblins (D:1)
  2 jackals (D:1)
  A kobold (D:1)
  3 ball pythons (D:1)
  2 goblins (D:1)
19 creatures vanquished.

Notes
Turn   | Place    | Note
-------+----------+-------------------------------------------
     0 | D:1      | purpskrrrp the Hill Orc Fighter began the quest for the
                  | Orb.
     0 | D:1      | Reached XP level 1. HP: 19/19 MP: 1/1
   146 | D:1      | Reached XP level 2. HP: 27/27 MP: 2/2
   200 | D:1      | Found a faded altar of an unknown god.
   334 | D:1      | Reached XP level 3. HP: 32/33 MP: 3/3
   337 | D:1      | Succumbed to a gnoll's poison

Illustrated notes

Levels and vault maps discovered:
D:1:      lemuel_arrival_room, layout_loops_ring,
          chequers_ecumenical_altar_island, serial_bayou_lagoon_b

Skill      XL: |  1  2 |
---------------+-------+-----
Axes           | 3 |  3.8
Fighting       | |  3.9
Armour         | |  3.5
Shields        | |  3.5

Action                   || total
-------------------------++-------
Melee: War axe           ||    43
Armor: Scale mail        ||    20
Dodge: Dodged            ||    28
Block: Buckler           ||    19

Table legend: (Time is in decaauts)
 A = Elapsed time spent in this place.
 B = Non-inter-level travel time spent in this place.
 C = Inter-level travel time spent in this place.
 D = Time resting spent in this place.
 E = Time spent auto-exploring this place.
 F = Levels seen in this place.
 G = Mean time per level.
                   A        B        C        D        E       F      G
               +--------+--------+--------+--------+--------+-----+--------+
         Total |    360 |    329 |     31 |      0 |    193 |   1 |  360.0 |
       Dungeon |    360 |    329 |     31 |      0 |    193 |   1 |  360.0 |
               +--------+--------+--------+--------+--------+-----+--------+

Top non-repeatable levels by time:
     D:1: 360 daAuts
